 Dungeon Crawl Stone Soup version 0.31-a0-851-g7ff8af7976 (webtiles) character file.

Game seed: 6589859855870458321

191 Descartes the Shooter (level 5, -1/37 HPs)
             Began as a Barachi Hexslinger on Oct 7, 2023.
             Was a Follower of Uskayaw.
             Slain by a gnoll
             ... wielding a +0 halberd
             ... led by a gnoll bouda
              (16 damage)
             ... on level 3 of the Dungeon.
             The game lasted 00:05:43 (2515 turns).

Descartes the Shooter (Barachi Hexslinger)          Turns: 2515, Time: 00:05:44

Health: -1/37      AC:  3    Str: 11    XL:     5   Next: 70%
Magic:  6/6        EV: 12    Int: 13    God:    Uskayaw [*.....]
Gold:   195        SH:  5    Dex: 21    Spells: 6/6 levels left

rFire   . . .        b - +0 dagger (elec)
rCold   . . .        (no shield)
rNeg    . . .        o - +0 leather armour
rPois   .            (no helmet)
rElec   .            (no cloak)
rCorr   .            (no gloves)
SInv    .            (no boots)
Will    .....        w - amulet of reflection
Stlth   ++           u - +6 ring of dexterity
HPRegen 0.26/turn    (no ring)
MPRegen 0.10/turn

%: reflection
@: slow
A: amphibious, slowness 1, strong legs 1, +LOS
a: Hop, Renounce Religion, Stomp


You were on level 3 of the Dungeon.
You worshipped Uskayaw.
Uskayaw was noncommittal.
You visited 1 branch of the dungeon, and saw 4 of its levels.

You collected 195 gold pieces.

Inventory:

Hand Weapons
 a - a +1 sling
 b - a +0 dagger of electrocution (weapon)
 s - a +0 hand axe of flaming
Missiles
 f - 6 atropa-tipped darts
 j - 28 stones
 t - 9 poisoned darts
 x - a throwing net
Armour
 c - a +0 robe
 o - a +0 leather armour (worn)
Jewellery
 k - a ring of fire
 u - a +6 ring of dexterity (left hand)
 w - an amulet of reflection (around neck)
 A - a +6 ring of intelligence
Talismans
 B - a serpent talisman
Wands
 z - a wand of roots (6)
Scrolls
 d - a scroll of poison
 e - a scroll of teleportation {unknown}
 g - a scroll of noise {unknown}
 h - 3 scrolls of enchant armour {unknown}
 i - a scroll of acquirement {unknown}
 l - 2 scrolls of identify {unknown}
 m - a scroll of revelation {unknown}
 q - a scroll of fear {unknown}
 v - a scroll of enchant weapon {unknown}
 y - a scroll of amnesia {unknown}
 D - 2 scrolls of immolation {unknown}
 E - a scroll of fog {unknown}
Potions
 n - a potion of attraction {unknown}
 p - a potion of mutation {unknown}
 r - 2 potions of curing {unknown}
 C - a potion of haste {unknown}
Miscellaneous
 F - a tin of tremorstones (2/2)


   Skills:
 - Level 1.2 Fighting
 + Level 3.4 Short Blades
 + Level 4.6 Ranged Weapons
 - Level 2.1 Dodging
 - Level 1.1 Spellcasting
 - Level 3.2 Hexes
 - Level 1.1 Fire Magic


You had 6 spell levels left.
You didn't know any spells.
Your spell library contained the following spells:

 Spells                   Type           Power      Damage    Failure   Level
 Jinxbite                 Hex            18%        N/A       14%         2
 Sigil of Binding         Hex            9%         N/A       28%         3
 Summon Small Mammal      Summ           0%         N/A       36%         1
 Inner Flame              Hex/Fire       6%         N/A       41%         3
 Summon Guardian Golem    Hex/Summ       4%         N/A       50%         3
 Cause Fear               Hex            4%         N/A       67%         4
 Call Canine Familiar     Summ           0%         N/A       73%         3
 Dimensional Bullseye     Hex/Tloc       2%         N/A       88%         4


Dungeon Overview and Level Annotations

Branches:
Dungeon (4/15)
 Temple: D:4-7

Altars:
Uskayaw

Shops:
D:1 !   D:3 *


Innate Abilities, Weirdness & Mutations

You are amphibious.
You cover ground slowly.
You can hop short distances.
You have an extended range of vision and can be seen from far away.


Message History

The gnoll is moderately wounded.
The gnoll closely misses you.
You shoot a sling bullet. The sling bullet hits the gnoll.
The gnoll is heavily wounded.
The gnoll hits you but does no damage.
You shoot a sling bullet.
The sling bullet closely misses the gnoll.
The gnoll hits you with a +0 flail.
You shoot a sling bullet.
The sling bullet closely misses the gnoll.
The gnoll barely misses you.
The gnoll bouda gazes fiercely through you!
You feel as though you will be weak longer.
You shoot a sling bullet. The sling bullet hits the gnoll.
The gnoll is almost dead.
You hear a shout!
The gnoll misses you.
The gnoll bouda calls upon its god to heal the gnoll.
The gnoll is healed somewhat.
A gnoll comes into view. It is wielding a +0 halberd. x2
The gnoll hits you with a +0 flail. The gnoll barely misses you.
You climb upwards.
There is a stone staircase leading down, spattered with blood here.
The gnoll attacks as it pursues you! The gnoll misses you.
The gnoll barely misses you. The gnoll attacks as it pursues you!
The gnoll hits you from afar with a +0 halberd!
The gnoll attacks as it pursues you! The gnoll misses you.
The gnoll hits you with a +0 flail. The gnoll attacks as it pursues you!
You block the gnoll's attack.
You are too injured to fight recklessly!
You are too injured to fight recklessly!
You hear the crackle of electricity.
b - a +0 dagger of electrocution (weapon)
Your attacks no longer feel as feeble.
You hit the gnoll but do no damage.
The gnoll is heavily wounded.
The gnoll closely misses you.
The gnoll hits you from afar with a +0 halberd!
You die...

...#.##..#.....≈≈∩....#.#
..##.##..#.##..≈≈≈~~..#.#
.##...##.#.##..#≈≈≈##.#.#
##.....#.#.##..##)##....#
....#..#.#..............#
##.....#.....#.#g###....#
###...##........)# ##.#.#
..######.....#g#####....#
...............g@.......#
########.>...#######...##
# ##...#########.## #
##..........†.# #
##############


You could see 2 gnolls.

Vanquished Creatures
  An orc wizard (D:3)
  6 gnolls
  4 adders
  A worm (D:3)
  A dart slug (D:1)
  4 orcs
  6 bats
  5 endoplasms
  2 giant cockroaches
  7 goblins
  4 hobgoblins
  8 kobolds
  2 quokkas
  9 ball pythons
  2 frilled lizards (D:1)
  6 rats
68 creatures vanquished.

Notes
Turn   | Place    | Note
-------+----------+-------------------------------------------
     0 | D:1      | Descartes the Barachi Hexslinger began the quest for the
                  | Orb.
     0 | D:1      | Reached XP level 1. HP: 15/15 MP: 2/2
    59 | D:1      | Reached XP level 2. HP: 18/21 MP: 3/3
    76 | D:1      | Reached skill level 3 in Ranged Weapons
   641 | D:1      | Found Tusi's Distillery.
   793 | D:2      | Reached XP level 3. HP: 26/26 MP: 4/4
   908 | D:2      | Reached skill level 1 in Short Blades
  1332 | D:2      | Reached XP level 4. HP: 32/32 MP: 5/5
  1464 | D:2      | Reached skill level 4 in Ranged Weapons
  1643 | D:3      | Found Firphip's General Store.
  1681 | D:3      | Found a faded altar of an unknown god.
  1796 | D:3      | Reached XP level 5. HP: 24/37 MP: 6/6
  1864 | D:3      | Found a hide-covered altar of Uskayaw.
  2048 | D:3      | Became a worshipper of Uskayaw the Reveller
  2228 | D:3      | Reached * piety under Uskayaw
  2318 | D:3      | Reached ** piety under Uskayaw
  2515 | D:3      | Slain by a gnoll

Illustrated notes

Levels and vault maps discovered:
D:1:      amcnicky_arrival_single_pillar, layout_basic, serial_shops, shop,
          minmay_three_crescents
D:2:      layout_loops_corners
D:3:      minmay_octagon_keep, layout_loops_ring, nicolae_uskayaw_suspiria,
          hellmonk_ecumenical_altar_leap_of_faith, serial_shops,
          nicolae_shop_waterfront
D:4:      layout_loops_ring, hangedman_decor_diamond_cutter, uniq_grinder,
          uniq_ijyb

Skill      XL: |  1  2  3  4  5 |
---------------+----------------+-----
Ranged Weapons | 3 4 |  4.6
Short Blades   | 1 2 3 |  3.4
Fighting       | |  1.2
Dodging        | |  2.1
Spellcasting   | |  1.1
Hexes          | |  3.2
Fire Magic     | |  1.1

Action                     |  1- 3 |  4- 6 || total
---------------------------+-------+-------++-------
  Melee: Short sword       |    24 |       ||    24
         Dagger            |    10 |    33 ||    43
   Fire: Sling             |    84 |   108 ||   192
    Use: Potion            |       |     1 ||     1
 Armour: Robe              |    16 |       ||    16
         Leather armour    |    12 |    49 ||    61
  Dodge: Dodged            |    41 |    37 ||    78
  Block: Other             |       |    18 ||    18
         Reflection        |       |     2 ||     2

Table legend: (Time is in decaauts)
 A = Elapsed time spent in this place.
 B = Non-inter-level travel time spent in this place.
 C = Inter-level travel time spent in this place.
 D = Time resting spent in this place.
 E = Time spent auto-exploring this place.
 F = Levels seen in this place.
 G = Mean time per level.
                   A        B        C        D        E       F      G
               +--------+--------+--------+--------+--------+-----+--------+
         Total |   2928 |   2734 |    194 |      0 |   2231 |   4 |  732.0 |
       Dungeon |   2928 |   2734 |    194 |      0 |   2231 |   4 |  732.0 |
               +--------+--------+--------+--------+--------+-----+--------+

Top non-repeatable levels by time:
     D:2: 1017 daAuts
     D:3: 981 daAuts
     D:1: 902 daAuts
     D:4: 27 daAuts
